 Dungeon Crawl Stone Soup version 0.31-a0-816-gd61d57ddb1 (webtiles) character file.

Game seed: 4850419843684255571

88 Dirtsage the Chopper (level 4, -6/35 HPs)
             Began as a Demonspawn Fighter on Sept 23, 2023.
             Killed from afar by Natasha (10 damage)
             ... with a puff of flame
             ... on level 2 of the Dungeon.
             The game lasted 00:02:02 (1411 turns).

Dirtsage the Chopper (Demonspawn Fighter)           Turns: 1411, Time: 00:02:02

Health: -6/35      AC:  6    Str: 19    XL:     4   Next: 29%
Magic:  4/4        EV:  9    Int:  9    God:
Gold:   80         SH:  4    Dex: 12    Spells: 3/3 levels left

rFire   . . .        a - +0 war axe
rCold   . . .        c - +0 buckler
rNeg    . . .        b - +0 scale mail
rPois   +            (no helmet)
rElec   .            (no cloak)
rCorr   .            (no gloves)
SInv    .            (no boots)
Will    .....        (no amulet) Stlth
                     P - ring of poison resistance
HPRegen 0.25/turn    (no ring)
MPRegen 0.09/turn

%: no passive effects
@: slowed, very slow
A: spiny 1, weakness stinger 1
a: no special abilities


You were on level 2 of the Dungeon.
You visited 1 branch of the dungeon, and saw 2 of its levels.

You collected 80 gold pieces.

Inventory:

Hand Weapons
 a - a +0 war axe (weapon)
Armour
 b - a +0 scale mail (worn)
 c - a +0 buckler (worn)
Jewellery
 P - a ring of poison resistance (left hand)
Scrolls
 e - 4 scrolls of teleportation {unknown}
 j - a scroll of noise {unknown}
 k - a scroll of torment {unknown}
 l - a scroll of identify {unknown}
Potions
 d - a potion of might
 f - a potion of ambrosia {unknown}
 g - a potion of attraction {unknown}
 h - a potion of brilliance {unknown}
 i - 2 potions of curing {unknown}


   Skills:
 - Level 3.0 Fighting
 + Level 4.2 Axes
 - Level 2.6 Armour
 - Level 2.6 Shields


You had 3 spell levels left.
You didn't know any spells.
Your spell library contained the following spells:

 Spells                   Type           Power      Damage    Failure   Level
 Ensorcelled Hibernation  Hex/Ice        0%         N/A       93%         2
 Jinxbite                 Hex            0%         N/A       93%         2
 Lesser Beckoning         Tloc           0%         N/A       93%         2
 Gell's Gravitas          Tloc           0%         N/A       99%         3
 Teleport Other           Tloc           0%         N/A       99%         3
 Anguish                  Hex/Necr       0%         N/A       100%        4


Dungeon Overview and Level Annotations

Branches:
Dungeon (2/15)

Altars:

Shops:
D:1 (

Annotations:
D:2 Natasha


Innate Abilities, Weirdness & Mutations

You are partially covered in sharp spines.
You have a small tail.


Message History

You completely miss the kobold. You tail-slap the kobold.
You kill the kobold!
No target in view!
Found an escape hatch in the ceiling.
Health restored: 35 Natasha, Servant of Life and Death comes into view.
She is carrying a wand of flame.
Natasha hisses angrily.
Natasha stares at you and mumbles some strange words.
You feel yourself slow down.
Natasha howls an incantation.
Natasha glows brightly for a moment.
Natasha zaps a wand.
The puff of flame hits you.
You take 2 damage, and have 33/35 hp.
Found a stone staircase leading up.
Natasha zaps a wand.
The puff of flame hits you!
Natasha zaps a wand.
The puff of flame hits you!
You take 21 damage, and have 12/35 hp.
MASSIVE DAMAGE!!
Natasha zaps a wand.
The puff of flame misses you.
You hit Natasha.
Natasha is moderately wounded.
Natasha claws you.
* * * LOW HITPOINT WARNING * * *
Natasha claws you.
* * * LOW HITPOINT WARNING * * *
You take 4 damage, and have 8/35 hp.
You closely miss Natasha.
Natasha is moderately wounded.
You block Natasha's attack.
Natasha zaps a wand.
The puff of flame hits you.
* * * LOW HITPOINT WARNING * * *
You take 4 damage, and have 4/35 hp.
You hit Natasha.
Natasha is severely wounded.
Natasha hisses.
Natasha claws you.
* * * LOW HITPOINT WARNING * * *
Natasha barely misses you.
You barely miss Natasha.
Natasha is severely wounded.
Natasha zaps a wand.
The puff of flame hits you!
You die...
Natasha begins licking her fur clean.

#..>.....>..####..#
####.....♣.....#.....#
#(##...........#.###.#
.#.##..♣...♣..##.# #.#
###.##.......###.# #.#
.#.########### #.# #.#
#.## # #.# #.# ..#
#####.#.# #<# #.#
<......@# #.# ..#
####...h..#.# #.#
#..#.#.# ..# #........
#.# #..#.# ### .## #.
... ## .. #.# .# #.
#.# ##


You could see Natasha.

Vanquished Creatures
  Natasha (twice) (D:2)
  An adder (D:2)
  A worm (D:2)
  A dart slug (D:1)
  2 ball pythons
  An endoplasm (D:1)
  3 giant cockroaches (D:1)
  5 hobgoblins
  4 kobolds
  A bat (D:1)
  2 frilled lizards
  3 rats
26 creatures vanquished.

Notes
Turn   | Place    | Note
-------+----------+-------------------------------------------
     0 | D:1      | Dirtsage the Demonspawn Fighter began the quest for the
                  | Orb.
     0 | D:1      | Reached XP level 1. HP: 18/18 MP: 1/1
   120 | D:1      | Found Pihumacw's Weapon Shoppe.
   137 | D:1      | Found a faded altar of an unknown god.
   176 | D:1      | Reached skill level 2 in Axes
   346 | D:1      | Gained mutation: You are partially covered in sharp spines.
                  | [demonic ancestry]
   346 | D:1      | Reached XP level 2. HP: 20/24 MP: 2/2
   822 | D:1      | Reached skill level 3 in Axes
   873 | D:2      | Reached XP level 3. HP: 29/29 MP: 3/3
   946 | D:2      | Noticed Natasha
   949 | D:2      | Killed Natasha
  1116 | D:2      | Noticed Natasha
  1124 | D:2      | Killed Natasha
  1125 | D:2      | Reached skill level 4 in Axes
  1125 | D:2      | Gained mutation: You have a small tail. [demonic ancestry]
  1125 | D:2      | Reached XP level 4. HP: 15/35 MP: 4/4
  1403 | D:2      | Noticed Natasha
  1411 | D:2      | Killed from afar by Natasha

Illustrated notes

Levels and vault maps discovered:
D:1:      elethiomel_arrival_shortcut, layout_basic,
          hellmonk_ecumenical_altar_leap_of_faith, serial_shops,
          nicolae_shop_tiny_waterfront, chequers_garden
D:2:      layout_loops_ring, grunt_ministairs_10, minivault_23,
          uniq_crazy_yiuf_cottage, uniq_natasha

Skill      XL: |  1  2  3 |
---------------+----------+-----
Axes           | 2 3 4 |  4.2
Fighting       | |  3.0
Armour         | |  2.6
Shields        | |  2.6

Action                     |  1- 3 |  4- 6 || total
---------------------------+-------+-------++-------
  Melee: War axe           |    60 |    14 ||    74
         Tailslap          |       |     3 ||     3
 Armour: Scale mail        |    37 |    12 ||    49
  Dodge: Dodged            |    19 |     5 ||    24
  Block: Buckler           |    18 |     4 ||    22

Table legend: (Time is in decaauts)
 A = Elapsed time spent in this place.
 B = Non-inter-level travel time spent in this place.
 C = Inter-level travel time spent in this place.
 D = Time resting spent in this place.
 E = Time spent auto-exploring this place.
 F = Levels seen in this place.
 G = Mean time per level.
                   A        B        C        D        E       F      G
               +--------+--------+--------+--------+--------+-----+--------+
         Total |   1443 |   1418 |     25 |      0 |   1211 |   2 |  721.5 |
       Dungeon |   1443 |   1418 |     25 |      0 |   1211 |   2 |  721.5 |
               +--------+--------+--------+--------+--------+-----+--------+

Top non-repeatable levels by time:
     D:1: 874 daAuts
     D:2: 568 daAuts
